AoeStats
← TR-68

Black Forest

508760634Analyzed
4v4 RM · 9d ago on Sep 23, 2026· 63m 4s· 8 players
Game mode
Random Map
Map size
Large (8 player)
Population
200
Speed
Normal
Resources
Standard
Victory
Conquest
Starting age
Dark Age
Ending age
Imperial Age
RankedLock teamsTeams togetherTeam positionsShared explorationLock speedFull tech treeHidden civsTurbo modeCheats
Victory
Defeat
🇳🇱 Japanese · Netherlands
958
+11
🇹🇷 Dravidians · Türkiye
890
+14
🇳🇱 Inca · Netherlands
749
+20
🇳🇱 Turks · Netherlands
729
+21
🇵🇪 Varangians · Peru
851
-17
🇨🇴 Byzantines · Colombia
844
-17
🇦🇷 Chinese · Argentina
841
-16
🇪🇨 Cumans · Ecuador
835
-16
KonyaCity42
0:30 Loom
19:41 Feudal Age
20:10 Double-Bit Axe
33:05 Castle Age
30:56 Horse Collar
31:30 Gold Mining
31:33 Stone Mining
33:26 Wheelbarrow
32:38 Town Watch
34:41 Gold Shaft Mining
36:16 Bow Saw
36:45 Fortified Wall
40:21 Imperial Age
40:51 Murder Holes
41:21 Artillery
43:22 Hand Cart
43:16 Heavy Plow
46:30 Two-Man Saw
48:46 Treadmill Crane
49:29 Ballistics
48:56 Heavy Scorpion
51:28 Fletching
51:39 Padded Archer Armor
51:53 Forging
51:47 Caravan
51:17 Heavy Camel Rider
52:00 Husbandry
53:56 Conscription
54:47 Caravan
61:30 Cavalier
Sands Of Faith
0:31 Loom
13:05 Feudal Age
20:03 Castle Age
19:58 Horse Collar
20:08 Double-Bit Axe
20:31 Stone Mining
22:50 Gold Mining
24:46 Heavy Plow
25:47 Bow Saw
31:47 Imperial Age
29:52 Fortified Wall
29:37 Murder Holes
31:16 Wheelbarrow
31:16 Caravan
33:20 Ballistics
34:06 Hand Cart
36:53 Medical Corps
36:56 Thumb Ring
37:52 Fletching
39:26 Padded Archer Armor
39:49 Elite Elephant Archer
42:44 Bodkin Arrow
43:05 Leather Archer Armor
46:18 Two-Man Saw
49:47 Bracer
50:18 Ring Archer Armor
52:26 Onager
54:19 Chemistry
54:13 Forging
54:03 Scale Mail Armor
54:08 Scale Barding Armor
53:46 Siege Onager
Feytih38
0:26 Loom
11:43 Feudal Age
12:15 Double-Bit Axe
13:07 Wheelbarrow
20:43 Castle Age
19:21 Gold Mining
19:40 Horse Collar
21:00 Scale Mail Armor
21:39 Heavy Plow
22:33 Gold Shaft Mining
23:04 Forging
23:00 Squires
29:59 Pikeman
34:05 Imperial Age
34:12 Imperial Age
34:02 Hand Cart
33:53 Fletching
34:42 Iron Casting
34:22 Chain Mail Armor
34:07 Padded Archer Armor
34:00 Arson
36:14 Bow Saw
37:37 Blast Furnace
36:32 Bodkin Arrow
36:38 Padded Archer Armor
37:15 Conscription
37:29 Plate Mail Armor
37:06 Herbal Medicine
39:50 Two-Man Saw
39:22 Caravan
39:45 Fortified Wall
40:37 Chemistry
41:54 Hoardings
41:48 Stone Mining
42:21 Ballistics
41:57 Murder Holes
42:07 Siege Engineers
41:43 Treadmill Crane
42:09 Halberdier
44:05 Bracer
44:20 Leather Archer Armor
44:16 Thumb Ring
44:36 Parthian Tactics
45:25 Heavy Cavalry Archer
47:26 Elite Samurai
53:02 Kataparuto
53:33 Ring Archer Armor
TR-68
0:42 Loom
13:04 Feudal Age
13:11 Champi Runner
15:03 Scale Mail Armor
20:46 Horse Collar
22:47 Double-Bit Axe
29:41 Castle Age
31:14 Pikeman
33:35 Heavy Plow
33:50 Bow Saw
34:34 Crossbowman
35:20 Thumb Ring
37:28 Wheelbarrow
37:12 Elite Skirmisher
37:57 Padded Archer Armor
37:47 Fletching
39:21 Leather Archer Armor
39:21 Chain Mail Armor
40:22 Hand Cart
40:39 Chain Mail Armor
40:35 Forging
41:06 Coinage
40:36 Caravan
41:32 Bodkin Arrow
41:56 Andean Sling
43:04 Caravan
44:16 Squires
44:02 Arson
43:38 Champi Warrior
52:58 Imperial Age
53:02 Elite Kamayuk
53:22 Onager
53:27 Arbalester
54:56 Crop Rotation
55:01 Plate Mail Armor
55:02 Ring Archer Armor
55:28 Fabric Shields
58:02 Halberdier
58:05 Elite Champi Warrior
Junior
6:40 Loom
13:42 Feudal Age
16:30 Double-Bit Axe
16:26 Horse Collar
17:24 Town Watch
19:50 Bloodlines
21:47 Wheelbarrow
24:44 Castle Age
24:32 Scale Barding Armor
25:03 Fletching
25:24 Forging
25:07 Elite Skirmisher
33:38 Gold Mining
33:56 Heavy Plow
34:34 Bow Saw
35:35 Hand Cart
40:37 Imperial Age
38:06 Stone Mining
39:20 Gold Shaft Mining
38:31 Capped Ram
38:56 Light Cavalry
40:49 Ballistics
41:09 Fervor
40:49 Siege Ram
41:42 Thumb Ring
42:34 Hussar
45:19 Bodkin Arrow
45:25 Padded Archer Armor
45:46 Chain Barding Armor
46:02 Iron Casting
46:29 Chemistry
50:55 Two-Man Saw
50:26 Crop Rotation
53:42 Onager
juanbach2
0:38 Loom
16:01 Feudal Age
17:45 Wheelbarrow
21:56 Double-Bit Axe
23:55 Gold Mining
23:53 Horse Collar
40:55 Castle Age
39:54 Padded Archer Armor
39:47 Fletching
40:08 Forging
40:01 Stone Mining
45:48 Hand Cart
46:30 Squires
47:28 Pikeman
47:29 Man-at-Arms
50:40 Man-at-Arms
51:06 Gambesons
55:16 Fortified Wall
GerAoe
0:27 Loom
16:49 Feudal Age
23:02 Wheelbarrow
27:26 Castle Age
25:44 Double-Bit Axe
26:02 Fletching
27:23 Stone Mining
27:44 Padded Archer Armor
27:46 Gold Mining
28:28 Bodkin Arrow
30:14 Bow Saw
29:47 Horse Collar
32:16 Leather Archer Armor
36:14 Hand Cart
40:36 Imperial Age
39:04 Gold Shaft Mining
39:20 Thumb Ring
40:06 Ballistics
39:59 Fortified Wall
40:03 Caravan
41:40 Bracer
42:54 Ring Archer Armor
43:40 Chemistry
43:59 Heavy Scorpion
46:24 Rocketry
47:47 Elite Chu Ko Nu
joaolex1978
1:29 Loom
12:43 Feudal Age
14:22 Double-Bit Axe
15:46 Horse Collar
19:32 Castle Age
17:37 Stone Mining
18:24 Gold Mining
21:19 Bow Saw
22:59 Heavy Plow
25:11 Wheelbarrow
31:29 Imperial Age
28:46 Town Watch
28:55 Pikeman
30:37 Hand Cart
30:47 Squires
30:33 Gambesons
31:09 Town Patrol
31:45 Forging
31:35 Scale Mail Armor
32:49 Crop Rotation
33:23 Two-Man Saw
32:53 Conscription
32:15 Cranequins
34:09 Fletching
34:20 Padded Archer Armor
34:36 Chain Mail Armor
34:45 Arson
36:56 Leather Archer Armor
36:40 Vendel Legacy
37:51 Caravan
39:15 Iron Casting
39:11 Plate Mail Armor
39:12 Ring Archer Armor
39:55 Chemistry
39:40 Ballistics
39:30 Bodkin Arrow
39:27 Gothikon
41:46 Blast Furnace
41:13 Elite Skirmisher
41:41 Halberdier
45:09 Bracer
45:33 Onager
46:49 Elite Jarl
47:42 Heavy Mounted Crossbowman
49:07 Elite Varangian Guard
52:53 Siege Engineers
54:38 Scale Barding Armor
63:19 Husbandry
63:30 Bloodlines
62:41 Cavalier
62:42 Light Cavalry
Connection lost

Rejoining the realm…

Still unreachable

The connection could not be restored.

Session expired

The server has moved on; the page needs a fresh start.